 Dungeon Crawl Stone Soup version 0.28.0-1-gb440e238dd (webtiles) character file.

Game seed: 10621219512185210445

2684 fknight the Cleaver (level 9, -13/121 HPs)
             Began as a Hill Orc Monk on Feb 26, 2022.
             Was an Elder of Beogh.
             Mangled by a vampire (15 damage)
             ... in a bailey on Feb 27, 2022.
             The game lasted 00:45:44 (10092 turns).

fknight the Cleaver (Hill Orc Monk)                Turns: 10092, Time: 00:45:45

Health: -13/121    AC: 27    Str: 16 (18) XL:     9   Next: 64%
Magic:  14/14      EV:  2    Int:  7 (10) God:    Beogh [****..]
Gold:   322        SH:  0    Dex: 12 (13) Spells: 8/8 levels left

rFire   . . .      SeeInvis .   I - +1 short sword (protect)
rCold   . . .      Faith    .   h - +2 buckler {AC+3}
rNeg    + . .      Spirit   .   (armour currently unavailable)
rPois   +          Reflect  +   (helmet currently unavailable)
rElec   .          Harm     .   (cloak currently unavailable)
rCorr   .          Rampage  .   (gloves currently unavailable)
Will    .....      NoTele   +   (boots currently unavailable)
Stlth   +.........              B - amulet of reflection
HPRegen 0.30/turn               e - ring of positive energy
MPRegen 0.14/turn               (no ring)

@: confused, brilliant, tree-form, hasted (expiring), very quick
A: stationary, stasis, torment immunity, boosted hp
a: Renounce Religion, Smiting, Recall Orcish Followers


You were in a bailey.
You worshipped Beogh.
Beogh was greatly pleased with you.
You were a tree.
You visited 1 branch of the dungeon, and saw 7 of its levels.
You also visited: Bailey.

You collected 322 gold pieces.

Inventory:

Hand Weapons
 a - a +0 hand axe
 y - a +0 hunting sling of flaming
 C - a +0 spear
 D - a +0 shortbow
 F - a +3 dagger of venom
 G - a +0 spear
 H - a +0 trident
 I - a +1 short sword of protection (weapon)
 L - a +0 spear
 M - a +0 spear
 N - a +0 spear
 O - a +0 spear
 P - a +0 spear
 Q - a +0 halberd
 R - a +0 spear
 S - a +0 halberd
 T - a +0 trident
 U - a +0 spear
 V - a +0 spear
 W - a +0 halberd
 Y - a +0 halberd
 Z - a +0 halberd
Missiles
 f - 144 stones (quivered)
 g - 7 poisoned darts
 v - 5 atropa-tipped darts
 w - 43 sling bullets
 x - 2 throwing nets
 E - 64 arrows
Armour
 h - a +2 buckler of protection (worn)
 l - a +0 plate armour
 A - a +0 cloak (melded)
 J - a +0 plate armour
 X - a +3 plate armour of fire resistance (melded)
Jewellery
 e - a ring of positive energy (left branch)
 B - an amulet of reflection (around neck)
Wands
 d - a wand of iceblast (1)
 o - a wand of polymorph (14)
 t - a wand of digging (4)
Scrolls
 n - 2 scrolls of teleportation
 p - a scroll of magic mapping
 K - a scroll of fear {unknown}
Potions
 b - a potion of mutation
 s - a potion of haste


   Skills:
 + Level 7.8 Fighting
 + Level 8.5 Axes
 + Level 5.4 Dodging
 + Level 5.5 Stealth
 + Level 7.0 Invocations


You had 8 spell levels left.
You didn't know any spells.
Your spell library contained the following spells:

 Spells                   Type           Power      Damage    Failure   Level
 Summon Ice Beast         Ice/Summ       0%         N/A       99%         4
 Summon Mana Viper        Hex/Summ       0%         N/A       100%        5
 Monstrous Menagerie      Summ           0%         N/A       100%        7


Dungeon Overview and Level Annotations

Branches:
Dungeon (7/15)             Temple (0/1) D:4          Bailey (1/1)

Altars:
Beogh

Shops:
D:1 [[:   D:4 (

Annotations:
D:5 3 runed translucent doors, issech's ghost, novice TrMo


Message History

It was a potion of flight.
Your roots keep you in place.
It was a potion of degeneration.
There was something very wrong with that liquid.
You feel weakened.
You feel dopey.
You feel clumsy. You block something's attack.
Something bites you but does no damage.
Okay, then.
You cannot move.
You cannot move.
You cannot move.
You cannot move.
Something hits you!
* * * LOW HITPOINT WARNING * * *
Something bites you but does no damage.
You hear some strange, mumbled words.
Something tries to affect you, but you resist.
Something hits you.
* * * LOW HITPOINT WARNING * * *
Something bites you but does no damage. Something hits you but does no damage.
Something bites you!
* * * LOW HITPOINT WARNING * * *
Something draws strength from your injuries!
Something hits you but does no damage. Something bites you but does no damage.
You start to feel less resistant.
Something hits you but does no damage. Something bites you but does no damage.
You hear some strange, mumbled words.
You are confused.
Something hits you.
* * * LOW HITPOINT WARNING * * *
Something bites you but does no damage. Something completely misses you. x2
Something hits you.
* * * LOW HITPOINT WARNING * * *
Something bites you but does no damage. Something hits you!
* * * LOW HITPOINT WARNING * * *
Something bites you but does no damage.
Your extra speed is starting to run out.
Your resistance to elements expires.
Something hits you!
You die...

♣♣≈≈♣ ♣♣♣♣♣ ♣♣≈≈≈♣♣ ♣♣♣♣...♣♣
♣≈≈≈..♣♣♣...8...♣
♣♣≈≈.............########
♣≈≈..8.......8.8.'......#
♣≈≈..............#......##
♣≈≈........#######......#.
♣≈≈.....####..'..'......'.
♣≈≈.#####♣....#..###''####
♣≈≈.'..'.{....#....#.....8
♣≈≈.#..#......#....#......
♣≈≈.#..#..♣...######......
##≈≈.#..#.............##{..
##.≈≈.#..#............##.{..
####..≈≈.#..#............#....#
##..#..≈≈.#..'........♣..##...##
#......≈≈.####............##.(..


There were no monsters in sight!

Vanquished Creatures
  A gargoyle (Bailey)
  A wyvern (D:6)
  A water moccasin (D:6)
  An orc warrior (D:7)
  A sky beast (D:6)
  A black bear (D:5)
  A necrophage (D:4)
  An ogre (D:5)
  3 centaurs (D:6)
  A phantom (D:4)
  A bullfrog (D:6)
  3 scorpions
  A water moccasin skeleton (D:6)
  5 wolf zombies (Bailey)
  7 vampire bats (Bailey)
  A howler monkey (D:5)
  A bullfrog zombie (D:6)
  3 jellies
  A bullfrog skeleton (D:4)
  A hound (D:4)
  An orc priest (D:7)
  A centaur skeleton (D:6)
  5 iguanas
  A hound skeleton (D:5)
  A howler monkey skeleton (D:4)
  7 adders
  A shadow imp (D:5)
  2 worms
  3 dart slugs
  6 orcs
  5 endoplasms
  3 giant cockroaches
  3 goblins
  9 hobgoblins
  2 jackals (D:4)
  4 quokkas
  3 training dummies (D:4)
  12 ball pythons
  2 bats (D:1)
  A frilled lizard (D:3)
  5 kobolds
  16 orc zombies (Bailey)
  3 rats
132 creatures vanquished.

Vanquished Creatures (collateral kills)
  An ice beast (D:7)
  An iguana (D:7)
  An adder (D:6)
  2 white imps (D:6)
  An orc (D:6)
  2 orc zombies (Bailey)
8 creatures vanquished.

Vanquished Creatures (others)
  2 orcs (D:6)
2 creatures vanquished.

Grand Total: 142 creatures vanquished

Notes
Turn   | Place    | Note
-------+----------+-------------------------------------------
     0 | D:1      | fknight the Hill Orc Monk began the quest for the Orb.
     0 | D:1      | Reached XP level 1. HP: 19/19 MP: 1/1
    47 | D:1      | Found Jouvvat's Book Boutique.
   327 | D:1      | Found Qafirph's Antique Armour Boutique.
   354 | D:1      | Reached XP level 2. HP: 27/27 MP: 2/2
   494 | D:1      | Found Qysua's Armour Shoppe.
   769 | D:1      | Found a faded altar of an unknown god.
  1180 | D:1      | Reached XP level 3. HP: 24/33 MP: 3/3
  2497 | D:3      | Reached XP level 4. HP: 40/40 MP: 4/4
  3226 | D:3      | Became a worshipper of Beogh the Brigand
  3226 | D:3      | Reached * piety under Beogh
  3226 | D:3      | Reached ** piety under Beogh
  3426 | D:4      | Noticed a scorpion
  3441 | D:4      | Killed a scorpion
  3442 | D:4      | Reached skill level 5 in Axes
  3442 | D:4      | Reached skill level 1 in Invocations
  3442 | D:4      | Reached XP level 5. HP: 25/47 MP: 5/5
  3734 | D:4      | Reached XP level 6. HP: 18/55 MP: 7/7
  4055 | D:4      | Reached skill level 5 in Fighting
  4208 | D:4      | Noticed a necrophage
  4225 | D:4      | Killed a necrophage
  4226 | D:4      | Reached XP level 7. HP: 61/61 MP: 7/9
  4303 | D:4      | Found Qaliz's Firing Range.
  4576 | D:4      | Found a staircase to the Ecumenical Temple.
  4593 | D:4      | Reached skill level 6 in Axes
  5401 | D:5      | Entered Level 5 of the Dungeon
  6265 | D:5      | Found a runed translucent gate.
  6266 | D:5      | Noticed issech's ghost (novice TrMo)
  6267 | D:5      | Found a runed translucent gate.
  6268 | D:5      | Identified the +6 hand axe of the Gloaming {flame, Int+4}
  6268 | D:5      | Identified the +1 leather armour of Fejum {rN+ Str+4
                  | Slay-3}
  6270 | D:5      | Found a runed translucent gate.
  6273 | D:5      | Found a roughly hewn altar of Beogh.
  6344 | D:5      | Reached XP level 8. HP: 70/70 MP: 11/11
  6760 | D:6      | Reached skill level 7 in Axes
  6829 | D:6      | Noticed a wyvern
  6847 | D:6      | Reached skill level 5 in Invocations
  6847 | D:6      | Killed a wyvern
  6847 | D:6      | Reached *** piety under Beogh
  7468 | D:6      | Gained Zorug as an ally
  7949 | D:6      | Reached XP level 9. HP: 62/79 MP: 13/13
  8175 | D:7      | Reached skill level 5 in Dodging
  8283 | D:7      | Reached skill level 5 in Stealth
  8345 | D:7      | Found a flagged portal.
  8364 | Bailey   | Entered a bailey
  8565 | Bailey   | Reached skill level 8 in Axes
  9116 | Bailey   | Noticed a gargoyle
  9134 | Bailey   | Killed a gargoyle
  9539 | Bailey   | Reached **** piety under Beogh
  9751 | Bailey   | HP: 2/81 [something (4)]
 10090 | Bailey   | HP: 2/121 [something (11)]
 10092 | Bailey   | Mangled by a vampire

Illustrated notes

Levels and vault maps discovered:
D:1:      psy_arrival_basics, layout_basic, serial_shops,
          nicolae_shop_behind_doors, shop, shop,
          dreamdust_ecumenical_altar_angels_and_demons
D:2:      layout_loops_cross
D:3:      layout_loops_cross, minmay_misc_feat_ornament, corexii_corridor_pit,
          chequers_decorated_corner
D:4:      layout_basic, minmay_temple_entry_antechambers, dk_noncrumbling_2,
          nicolae_shop_firing_range
D:5:      layout_basic, biasface_ghost_orc_armoury
D:6:      layout_cave_pools, grunt_ministairs_3, chequers_serial_rivers_small_a
D:7:      layout_loops_ring, gammafunk_ghost_smash, enter_bailey_2,
          nicolae_figureground_sparkle, uniq_harold, uniq_pikel
Bailey:   bailey_polearm_vampire_castle_hellmonk, bailey

Skill      XL: |  1  2  3  4  5  6  7  8  9 |
---------------+----------------------------+-----
Stealth        | 2 3 4 5 |  5.5
Fighting       | 4 5 7 |  7.8
Dodging        | 3 4 5 |  5.4
Axes           | 5 6 7 8 |  8.5
Invocations    | 1 2 4 5 7 |  7.0

Action                   |  1- 3 |  4- 6 |  7- 9 || total
-------------------------+-------+-------+-------++-------
Melee: Hand axe          |   136 |   140 |   262 ||   538
       Dagger            |       |       |    49 ||    49
       Short sword       |       |       |    40 ||    40
 Fire: Hunting sling     |       |       |    96 ||    96
Throw: Stone             |    68 |    57 |    37 ||   162
       Dart              |       |       |     8 ||     8
Invok: Convert to Beogh  |       |     1 |       ||     1
  Use: Scroll            |     4 |     3 |    11 ||    18
       Potion            |       |       |    17 ||    17
 Stab: Sleeping          |     1 |       |     1 ||     2
       Invisible         |       |       |     1 ||     1
       Distracted        |       |       |     1 ||     1
Armor: Robe              |    11 |       |       ||    11
       Ring mail         |    14 |    41 |    55 ||   110
       Plate armour      |       |       |   138 ||   138
       Skin              |       |       |    19 ||    19
Dodge: Dodged            |    59 |    67 |   160 ||   286
Block: Buckler           |    21 |    25 |   224 ||   270
       Reflection        |       |       |     7 ||     7
